 Dungeon Crawl Stone Soup version 0.21-a0-88-g13b9641 (webtiles) character file.

285 MatthieuS the Ducker (level 6, -5/37 HPs)
             Began as a Deep Elf Skald on June 26, 2017.
             Killed from afar by an orc wizard (10 damage)
             ... with a magic dart
             ... on level 4 of the Dungeon.
             The game lasted 00:11:25 (3491 turns).

MatthieuS the Ducker (Deep Elf Skald)               Turns: 3491, Time: 00:11:25

Health: -5/37      AC:  4    Str: 10    XL:     6   Next: 7%
Magic:  2/12       EV: 14    Int: 18    God:
Gold:   119        SH:  0    Dex: 14    Spells: 0/11 levels left

rFire    . . .     SeeInvis .   a - +0 falchion
rCold    . . .     Gourm    +   (no shield)
rNeg     . . .     Faith    .   b - +0 leather armour
rPois    .         Spirit   .   (no helmet)
rElec    .         Reflect  .   (no cloak)
rCorr    .         Harm     .   e - +0 pair of gloves
MR       .....     Rnd*Tele +   (no boots)
Stlth    +.........             m - amulet of the gourmand
HPRegen  0.12/turn              k - ring of teleportation (curse)
MPRegen  0.13/turn              (no ring)

@: infused, hasted, very quick
A: no striking features
a: no special abilities


You were on level 4 of the Dungeon.
You were completely stuffed.

You visited 1 branch of the dungeon, and saw 4 of its levels.

You collected 119 gold pieces.

Inventory:

Hand Weapons
 a - a +0 falchion (weapon)
 l - a +1 dagger of draining
Armour
 b - a +0 leather armour (worn)
 e - a +0 pair of gloves (worn)
Jewellery
 k - a cursed ring of teleportation (left hand)
 m - an amulet of the gourmand (around neck)
Scrolls
 g - a scroll of enchant weapon {unknown}
 i - a scroll of teleportation
 n - a scroll of random uselessness {unknown}
 q - a scroll of remove curse {unknown}
 s - a scroll of fear {unknown}
Potions
 r - a potion of agility
Books
 c - a book of Battle

   Spells                             Type                      Level
   a - Infusion                       Charms                       1
   b - Shroud of Golubria             Charms/Translocation         2
   c - Song of Slaying                Charms                       2
   d - Spectral Weapon                Hexes/Charms                 3
   e - Regeneration                   Charms/Necromancy            3
Comestibles
 d - 2 bread rations
 f - a meat ration
 h - 2 chunks of flesh
 p - a fruit


   Skills:
 + Level 3.0 Fighting
 * Level 4.0 Long Blades
 - Level 0.7 Armour
 + Level 4.6 Dodging
 - Level 3.0 Spellcasting
 - Level 4.4 Charms


You couldn't memorise any spells.
You knew the following spells:

 Your Spells              Type           Power        Failure   Level  Hunger
a - Infusion              Chrm           ###.         3%          1    None
b - Shroud of Golubria    Chrm/Tloc      ##........   14%         2    ##.....
c - Song of Slaying       Chrm           ###.....     5%          2    ##.....
d - Spectral Weapon       Hex/Chrm       ##......     26%         3    ###....
e - Regeneration          Chrm/Necr      ##........   26%         3    ###....


Dungeon Overview and Level Annotations

Branches:
Dungeon (4/15)
 Temple: D:4-7

Altars:
Ashenzari


Message History

It was a potion of haste.
You feel yourself speed up.
It was a potion of curing.
You feel better.
Found a ring mail.
You are too injured to fight recklessly!
You are too injured to fight recklessly!
You are too injured to fight recklessly!
The orc wizard points at you and mumbles some strange words.
The magic dart hits you!
* * * LOW HITPOINT WARNING * * *
You closely miss the orc wizard.
The orc wizard is moderately wounded.
You hit the orc wizard.
The orc wizard is heavily wounded.
The orc wizard hits you with a dagger.
* * * LOW HITPOINT WARNING * * *
You barely miss the orc wizard.
The orc wizard is heavily wounded.
The orc wizard gestures at you while chanting.
The magic dart hits you!
You die...

##########
[.........
..........
.........
......#
#....#
#....#
#....#
#..@####..
#[.o......#
#.†.>.....#
#.........#
#..........
####
#..........
#..
#...####...
#.# #.%.#
..#.# #.#
#.?.# .#


You could see an orc wizard.

Vanquished Creatures
  The ghost of MatthieuS the Magician, an amateur SpCj of Sif Muna (D:3)
  2 orc wizards (D:3)
  A gnoll (D:1)
  An adder (D:2)
  3 worms
  A dart slug (D:3)
  3 leopard geckos (D:1)
  9 orcs
  9 bats
  3 giant cockroaches
  12 goblins
  7 hobgoblins
  11 jackals
  7 kobolds
  2 quokkas (D:3)
  4 frilled lizards
  10 rats
86 creatures vanquished.

Notes
Turn   | Place    | Note
-------+----------+-------------------------------------------
     0 | D:1      | MatthieuS the Deep Elf Skald began the quest for the Orb.
     0 | D:1      | Reached XP level 1. HP: 12/12 MP: 6/6
    89 | D:1      | Reached XP level 2. HP: 5/17 MP: 4/8
   564 | D:1      | Reached XP level 3. HP: 16/21 MP: 7/9
   805 | D:1      | Learned a level 2 spell: Shroud of Golubria
   808 | D:1      | Learned a level 2 spell: Song of Slaying
   812 | D:1      | Learned a level 3 spell: Spectral Weapon
  1654 | D:2      | Found a faded altar of an unknown god.
  1874 | D:2      | Reached XP level 4. HP: 26/26 MP: 10/10
  1884 | D:2      | Found a shattered altar of Ashenzari.
  2673 | D:3      | Noticed MatthieuS's ghost (amateur SpCj)
  2699 | D:3      | Killed MatthieuS's ghost
  2699 | D:3      | Reached XP level 5. HP: 28/31 MP: 11/11
  2843 | D:3      | Reached XP level 6. HP: 35/37 MP: 0/12
  3440 | D:4      | Learned a level 3 spell: Regeneration
  3491 | D:4      | Killed from afar by an orc wizard

Vault maps used:
D:1:      dpeg_arrival_water_temple_mockup, st_stairs_1
D:2:      chequers_ecumenical_altar_simple_redux, nicolae_ashenzari_panopticon
D:3:      minmay_misc_feat_rows, minmay_door_square,
          hangedman_abyss_or_decor_stabs
D:4:      first_bread, grunt_tough_drop

Skill      XL: |  1  2  3  4  5 |
---------------+----------------+-----
Long Blades    | 2 3 4 |  4.0
Dodging        | 3 4 |  4.6
Fighting       | 2 3 |  3.0
Armour         | |  0.7
Spellcasting   | |  3.0
Charms         | |  4.4

Action                   |  1- 3 |  4- 6 || total
-------------------------+-------+-------++-------
Melee: Falchion          |    90 |   128 ||   218
       Dagger            |    18 |    28 ||    46
 Cast: Infusion          |     8 |     4 ||    12
       Shroud of Golubri |     2 |     6 ||     8
  Use: Scroll            |     2 |       ||     2
       Potion            |       |     5 ||     5
 Stab: Sleeping          |       |     1 ||     1
  Eat: Chunk             |    12 |    11 ||    23
Armor: Leather armour    |    35 |    38 ||    73
Dodge: Dodged            |    94 |   142 ||   236
       Rpst.: Falchion   |    22 |    40 ||    62
